 Dungeon Crawl Stone Soup version 0.29-a0-330-g52719c12eb (webtiles) character file.

Game seed: 8277894312744136652

61 kae the Firebug (level 4, -4/28 HPs)
             Began as an Octopode Fire Elementalist on Apr 16, 2022.
             Slain by Terence
             ... wielding a +0 flail
              (9 damage)
             ... on level 3 of the Dungeon.
             The game lasted 00:01:05 (2566 turns).

kae the Firebug (Octopode Fire Elementalist)        Turns: 2566, Time: 00:01:06

Health: -4/28      AC:  1    Str:  7    XL:     4   Next: 7%
Magic:  1/7        EV: 13    Int: 19    God:
Gold:   68         SH:  0    Dex: 12    Spells: 1/7 levels left

rFire   . . .      SeeInvis .   b - +0 dagger
rCold   . . .      Faith    .   (no shield)
rNeg    . . .      Spirit   .   (helmet restricted)
rPois   .          Reflect  .   (no amulet)
rElec   .          Harm     .   (no ring)
rCorr   .          Rampage  .   (no ring)
Will    .....                   (no ring)
Stlth   +++.......              (no ring)
HPRegen 0.09/turn               (no ring)
MPRegen 0.10/turn               (no ring)
                                (no ring)
                                (no ring)

@: lethally poisoned (-4 -> -10)
A: almost no armour, amphibious, 8 rings, camouflage 1, gelatinous body 1,
(nimble swimmer 1), tentacles
a: no special abilities


You were on level 3 of the Dungeon.
You visited 1 branch of the dungeon, and saw 3 of its levels.

You collected 68 gold pieces.

Inventory:

Hand Weapons
 b - a +0 dagger (weapon)
Scrolls
 c - a scroll of teleportation {unknown}
 d - a scroll of vulnerability {unknown}
 g - a scroll of fear {unknown}
 h - 4 scrolls of identify {unknown}
 i - a scroll of brand weapon {unknown}
 l - a scroll of immolation {unknown}
Potions
 a - 2 potions of magic
 e - a potion of invisibility {unknown}
 f - a potion of degeneration {unknown}
 j - a potion of curing {unknown}
 k - a potion of brilliance {unknown}
 m - a potion of mutation {unknown}


   Skills:
 + Level 1.0 Fighting
 + Level 2.3 Dodging
 + Level 3.3 Stealth
 + Level 2.2 Spellcasting
 + Level 1.4 Conjurations
 * Level 3.7 Fire Magic


You had one spell level left.
You knew the following spells:

 Your Spells              Type           Power      Damage    Failure   Level
a - Foxfire               Conj/Fire      44%        2x1d6     6%          1
b - Scorch                Fire           32%        2d7       5%          2
c - Conjure Flame         Conj/Fire      11%        6-21      17%         3

Your spell library contained the following spells:

 Spells                   Type           Power      Damage    Failure   Level
 Inner Flame              Hex/Fire       9%         N/A       22%         3
 Gell's Gravitas          Tloc           2%         N/A       45%         3
 Teleport Other           Tloc           2%         N/A       45%         3
 Flame Wave               Conj/Fire      11%        2d5       50%         4
 Dispersal                Tloc           1%         N/A       100%        6


Dungeon Overview and Level Annotations

Branches:
Dungeon (3/15)

Altars:

Shops:
D:1 :

Annotations:
D:2 1 runed translucent door, Crazy Yiuf
D:3 Terence


Innate Abilities, Weirdness & Mutations

You cannot wear most types of armour.
You are amphibious.
You can wear up to eight rings at the same time.
Your skin changes colour to match your surroundings (Stealth+).
Your rubbery body absorbs attacks. (AC +1, EV +1)
((You are camouflaged when in or above water. (Stealth+)))
You have tentacles for arms and can constrict up to eight enemies at once.


Message History

The foxfire hits Terence.
Terence is moderately wounded.
The foxfire hits Terence.
Terence is heavily wounded.
Terence says, "Rest in peace."
Casting: Foxfire (safe; 6% risk of failure)
Confirm with . or Enter, or press ? or * to list all spells.
You conjure some foxfire!
The foxfire hits Terence.
Terence is heavily wounded.
The foxfire hits Terence but does no damage.
Terence is heavily wounded.
An adder comes into view.
Terence completely misses you.
Casting: Foxfire (safe; 6% risk of failure)
Confirm with . or Enter, or press ? or * to list all spells.
Flames lash Terence.
Terence is almost dead.
Terence's fire resistance burns away.
The adder hisses angrily.
Terence hits you with a +0 flail! Terence closely misses you.
Casting: Scorch (safe; 5% risk of failure)
Confirm with . or Enter, or press ? or * to list all spells.
You don't have enough magic to cast this spell.
Casting: Scorch (safe; 5% risk of failure)
Confirm with . or Enter, or press ? or * to list all spells.
You don't have enough magic to cast this spell.
You hit Terence but do no damage. You grab Terence.
Terence is almost dead.
You constrict Terence, but do no damage.
Terence hits you with a +0 flail!
You hit Terence but do no damage. Your squeeze misses Terence.
Terence is almost dead.
You constrict Terence, but do no damage.
The adder bites you.
* * * LOW HITPOINT WARNING * * *
You are lethally poisoned!
The adder poisons you! Terence hits you with a +0 flail!
You die...

#########..
#.........
#.....#
#.....##
##.#.@@#
#.###S...#
##)# ###..#
###..# ...
#...## $
#....#
###....#
#.....)##
#..##.)..#


You could see Terence (combustible) and an adder.

Vanquished Creatures
  An adder (D:2)
  A worm (D:2)
  A dart slug (D:1)
  3 orcs (D:3)
  3 endoplasms
  A giant cockroach (D:2)
  8 goblins
  2 hobgoblins (D:1)
  5 quokkas
  4 ball pythons
  3 bats (D:1)
  2 frilled lizards
  5 kobolds
  3 rats (D:2)
42 creatures vanquished.

Vanquished Creatures (others)
  123 foxfires
123 creatures vanquished.

Grand Total: 165 creatures vanquished

Notes
Turn   | Place    | Note
-------+----------+-------------------------------------------
     0 | D:1      | kae the Octopode Fire Elementalist began the quest for the
                  | Orb.
     0 | D:1      | Reached XP level 1. HP: 11/11 MP: 3/3
   179 | D:1      | Found Faotu's Book Emporium.
   185 | D:1      | Reached XP level 2. HP: 17/17 MP: 3/5
   415 | D:1      | Found a faded altar of an unknown god.
  1089 | D:2      | Reached XP level 3. HP: 4/22 MP: 3/6
  1092 | D:2      | Learned a level 2 spell: Scorch
  1096 | D:2      | Learned a level 3 spell: Conjure Flame
  1909 | D:2      | Found a runed translucent door.
  1920 | D:2      | Noticed Crazy Yiuf
  2442 | D:3      | Reached skill level 1 in Fighting
  2442 | D:3      | Reached XP level 4. HP: 28/28 MP: 3/7
  2552 | D:3      | Noticed Terence
  2566 | D:3      | Slain by Terence

Illustrated notes

Levels and vault maps discovered:
D:1:      eino_arrival_tree_alley, layout_rooms,
          hellmonk_ecumenical_altar_arch_garden, serial_shops,
          nicolae_shop_waterfront, minmay_tromino_v2
D:2:      layout_basic, bh_walls_and_bars, uniq_crazy_yiuf_cottage
D:3:      layout_rooms, kiku_gazebo_garden_becter, lemuel_crystal_altar,
          uniq_terence, uniq_robin

Skill      XL: |  1  2  3 |
---------------+----------+-----
Stealth        | 3 |  3.3
Fighting       | 1 |  1.0
Dodging        | |  2.3
Spellcasting   | |  2.2
Conjurations   | |  1.4
Fire Magic     | |  3.7

Action                   |  1- 3 |  4- 6 || total
-------------------------+-------+-------++-------
Melee: Dagger            |    40 |     2 ||    42
       Constrict         |    10 |     1 ||    11
       Tentacles         |     3 |       ||     3
 Cast: Foxfire           |    57 |    11 ||    68
       Scorch            |       |     1 ||     1
 Stab: Distracted        |     1 |       ||     1
       Sleeping          |     4 |       ||     4
Armor: Skin              |     7 |       ||     7
Dodge: Dodged            |    28 |     2 ||    30

Table legend: (Time is in decaauts)
 A = Elapsed time spent in this place.
 B = Non-inter-level travel time spent in this place.
 C = Inter-level travel time spent in this place.
 D = Time resting spent in this place.
 E = Time spent auto-exploring this place.
 F = Levels seen in this place.
 G = Mean time per level.
                   A        B        C        D        E       F      G
               +--------+--------+--------+--------+--------+-----+--------+
         Total |   2564 |   2517 |     47 |      0 |   2163 |   3 |  854.7 |
       Dungeon |   2564 |   2517 |     47 |      0 |   2163 |   3 |  854.7 |
               +--------+--------+--------+--------+--------+-----+--------+

Top non-repeatable levels by time:
     D:2: 1417 daAuts
     D:1: 1016 daAuts
     D:3: 130 daAuts
